 Dungeon Crawl Stone Soup version 0.18.1-8-gdd0e5ea (webtiles) character file.

28 mistymad the Ruffian (level 3, 0/31 HPs)
             Began as a Naga Transmuter on May 21, 2016.
             Slain by an orc
             ... wielding a +0 club
              (3 damage)
             ... on level 4 of the Dungeon.
             The game lasted 00:05:34 (1770 turns).

mistymad the Ruffian (Naga Transmuter)              Turns: 1770, Time: 00:05:35

Health: 0/31       AC:  2    Str: 12    XL:     3   Next: 14%
Magic:  6/6        EV: 10    Int: 14    God:
Gold:   32         SH:  0    Dex: 11    Spells: 1 memorised, 5 levels left

rFire  . . .     SeeInvis +       - Unarmed
rCold  . . .     Gourm    .     b - +0 robe
rNeg   . . .     Faith    .     (no shield)
rPois  +         Spirit   .     (no helmet)
rElec  .         Dismiss  .     (no cloak)
rCorr  .         Reflect  .     (no gloves)
SustAt .         Harm     .     (no barding)
MR     .....                    (no amulet)
Stlth  +.........               (no ring)
                                (no ring)

@: very slow, not resistant to hostile enchantments, very unstealthy
A: see invisible, deformed body, poison resistance, slowness 2, slow metabolism
1, spit poison 2, AC +1
a: Spit Poison


You were on level 4 of the Dungeon.
You were not hungry.

You visited 1 branch of the dungeon, and saw 3 of its levels.

You collected 32 gold pieces.

Inventory:

Missiles
 a - 37 arrows
Armour
 b - a +0 robe (worn)
Scrolls
 e - 2 scrolls of magic mapping {unknown}
 f - a scroll of identify {unknown}
 h - 2 scrolls of remove curse {unknown}
 l - a scroll of teleportation {unknown}
 n - a scroll of amnesia {unknown}
Potions
 g - a potion of brilliance {unknown}
 i - a potion of lignification {unknown}
 k - 4 potions of curing {unknown}
 m - a potion of heal wounds {unknown}
Books
 c - a book of Changes

   Spells                             Type                      Level
   a - Beastly Appendage              Transmutation                1
   b - Sticks to Snakes               Transmutation                2
   c - Spider Form                    Transmutation/Poison         3
   d - Ice Form                       Ice/Transmutation            4
   e - Blade Hands                    Transmutation                5
Comestibles
 d - a bread ration


   Skills:
 + Level 1.4 Fighting
 + Level 2.0 Dodging
 + Level 3.2 Unarmed Combat
 + Level 2.2 Spellcasting
 + Level 2.3 Transmutations


You had 5 spell levels left.
You knew the following spells:

 Your Spells              Type           Power        Failure   Level  Hunger
a - Beastly Appendage     Trmt           #.....       12%         1    #......


Dungeon Overview and Level Annotations

Branches:
Dungeon (2/15)

Altars:


Innate Abilities, Weirdness & Mutations

You cannot wear boots.
Your serpentine skin is tough (AC +1).
You have supernaturally acute eyesight.
Armour fits poorly on your strangely shaped body.
Your system is resistant to poisons.
You cover ground very slowly.
You have a slow metabolism.
You can spit poison.


Message History

You hit the gnoll but do no damage. The gnoll hits you with a halberd.
The orc hits you with a club.
You hit the gnoll but do no damage. The gnoll closely misses you.
The orc hits you with a club.
You barely miss the gnoll. You headbutt the gnoll.
The gnoll is heavily wounded.
The gnoll hits you with a halberd.
* * * LOW HITPOINT WARNING * * *
The orc hits you with a club.
* * * LOW HITPOINT WARNING * * *
You hit the gnoll.
The gnoll is heavily wounded.
Your horns disappear.
The gnoll misses you. The orc barely misses you.
You hit the gnoll but do no damage.
The gnoll is heavily wounded.
You hit the gnoll.
The gnoll is severely wounded.
The orc hits you with a club.
You die...

##### #...#
######.#.###...
..[.....>..goog
#..#####
#..#...##
#og'....# ##@#
#.+ ###


You could see a gnoll and an orc.

Vanquished Creatures
  An ooze (D:1)
  2 giant cockroaches
  5 goblins (D:1)
  A hobgoblin (D:1)
  2 jackals (D:1)
  2 bats (D:1)
  A giant newt (D:1)
  2 kobolds (D:1)
  8 rats (D:1)
24 creatures vanquished.

Notes
Turn   | Place    | Note
--------------------------------------------------------------
     0 | D:1      | mistymad the Naga Transmuter began the quest for the Orb.
     0 | D:1      | Reached XP level 1. HP: 18/18 MP: 3/3
   350 | D:1      | Reached XP level 2. HP: 24/25 MP: 3/5
  1470 | D:1      | Reached XP level 3. HP: 24/31 MP: 6/6
  1750 | D:2      | You fall through a shaft for 2 floors!
  1770 | D:4      | Slain by an orc

Skill      XL: |  1  2 |
---------------+-------+-----
Dodging        | 2 |  2.0
Fighting       | |  1.4
Unarmed Combat | |  3.2
Spellcasting   | |  2.2
Transmutations | |  2.3

Action                   || total
-------------------------++-------
Melee: Unarmed           ||    76
       Headbutt          ||     6
       Punch             ||     1
 Cast: Beastly Appendage ||    12
  Eat: Chunk             ||     2
Armor: Robe              ||    14
Dodge: Dodged            ||    48
